 Dungeon Crawl Stone Soup version 0.28-a0-69-g49dcd67cf8 (webtiles) character file.

Game seed: 12113656346376415924

11 Theblade121 the Ducker (level 2, 21/23 HPs)
             Began as a Djinni Gladiator on July 31, 2021.
             Quit the game on level 1 of the Dungeon.
             The game lasted 00:01:26 (436 turns).

Theblade121 the Ducker (Djinni Gladiator)            Turns: 436, Time: 00:01:26

Health: 21/23      AC:  4    Str: 13    XL:     2   Next: 35%
Gold:   15         EV: 12    Int:  9    God:
                   SH:  0    Dex: 14

rFire   + + .      SeeInvis .   a - +0 rapier
rCold   x . .      Faith    .   (no shield)
rNeg    . . .      Spirit   .   b - +0 leather armour
rPois   ∞          Reflect  .   c - +0 helmet
rElec   .          Harm     .   (no cloak)
rCorr   .          Rampage  .   (no gloves)
Will    .....                   (boots unavailable)
Stlth   +.........              (no amulet)
HPRegen 0.07/turn               (no ring)
MPRegen 0.00/turn               (no ring)

@: flying
A: sickness immunity, fire resistance 2, cold vulnerability 1, float, innate
caster, hp casting, extra vitality 1
a: no special abilities


You were on level 1 of the Dungeon.
You visited 1 branch of the dungeon, and saw 1 of its levels.

You collected 15 gold pieces.

Inventory:

Hand Weapons
 a - a +0 rapier (weapon)
Missiles
 d - 3 throwing nets (quivered)
Armour
 b - a +0 leather armour (worn)
 c - a +0 helmet (worn)
Scrolls
 f - a scroll of identify {unknown}
Potions
 e - a potion of resistance {unknown}
 g - a potion of heal wounds {unknown}


   Skills:
 + Level 2.2 Fighting
 + Level 3.0 Short Blades
 + Level 1.5 Throwing
 + Level 3.4 Dodging


You had one spell level left.
You didn't know any spells.
Your spell library was empty.

Dungeon Overview and Level Annotations

Branches:
Dungeon (1/15)

Altars:


Innate Abilities, Weirdness & Mutations

You are immune to sickness and miasma.
You are immune to poison.
Your flesh is very heat resistant. (rF++)
You are vulnerable to cold. (rC-)
You float through the air rather than walking.
You learn spells naturally, not from books.
Your magical power is your life essence.
You have superior vitality. (+4 HP)


Message History

You now have 6 gold pieces.
You see here a hobgoblin corpse.
g - a lumpy purple potion You see here a hobgoblin corpse.
You see here a hobgoblin corpse.
You reach down and open the door.
There is an open door here.
You now have 15 gold pieces (gained 9).
A bat comes into view.
A bat is nearby!
The bat hits you but does no damage. The bat hits you.
A goblin comes into view. It is wielding a +0 club.
The goblin shouts!
The bat barely misses you. The bat barely misses you. The bat hits you.
The bat closely misses you. The goblin hits you but does no damage.
You barely miss the goblin. The bat barely misses you.
The goblin hits you but does no damage.
You hit the goblin.
You kill the goblin!
The bat hits you.
You closely miss the bat. The bat closely misses you.
The bat barely misses you. The bat misses you.
You closely miss the bat. The bat hits you but does no damage.
The bat misses you. The bat closely misses you.
You barely miss the bat. The bat barely misses you. x2
The bat misses you.
A bat is nearby!
A bat is nearby!
You hit the bat.
The bat is heavily wounded.
The bat closely misses you.
You barely miss the bat.
The bat is heavily wounded.
The bat barely misses you.
You hit the bat.
You kill the bat!
Are you sure you want to abandon this character and quit the game? (Confirm with "yes".)

#.####### .# ######.# #
.......# .......#
.......# .......## .
........###############.#
...††...'...........)...#
####....######..@†......#
# #....# #..........# #
#....# #...........# #
#....# #.....#+###.#
###### #.....# .#
.......# # #########


There were no monsters in sight!

Vanquished Creatures
  2 endoplasms (D:1)
  2 goblins (D:1)
  2 hobgoblins (D:1)
  A ball python (D:1)
  2 bats (D:1)
9 creatures vanquished.

Notes
Turn   | Place    | Note
-------+----------+-------------------------------------------
     0 | D:1      | Theblade121 the Djinni Gladiator began the quest for the
                  | Orb.
     0 | D:1      | Reached XP level 1. HP: 18/18 MP: 0/0
   243 | D:1      | Reached XP level 2. HP: 13/23 MP: 0/0
   436 | D:1      | Quit the game

Illustrated notes

Levels and vault maps discovered:
D:1:      dpeg_arrival_round_a, layout_basic

Skill      XL: |  1  2 |
---------------+-------+-----
Short Blades   | 3 |  3.0
Fighting       | |  2.2
Throwing       | |  1.5
Dodging        | |  3.4

Action                   || total
-------------------------++-------
Melee: Rapier            ||    25
Armor: Leather armour    ||    12
Dodge: Dodged            ||    32

Table legend: (Time is in decaauts)
 A = Elapsed time spent in this place.
 B = Non-inter-level travel time spent in this place.
 C = Inter-level travel time spent in this place.
 D = Time resting spent in this place.
 E = Time spent auto-exploring this place.
 F = Levels seen in this place.
 G = Mean time per level.
                   A        B        C        D        E       F      G
               +--------+--------+--------+--------+--------+-----+--------+
         Total |    437 |    437 |      0 |      0 |    375 |   1 |  437.0 |
       Dungeon |    437 |    437 |      0 |      0 |    375 |   1 |  437.0 |
               +--------+--------+--------+--------+--------+-----+--------+

Top non-repeatable levels by time:
     D:1: 437 daAuts
